 Dungeon Crawl Stone Soup version 0.26-a0-20-g5f92b90fa0 (webtiles) character file.

Game seed: 200998601625405976, levelgen mode: classic

90642 Amnesiac the Markself (level 15, -10/96 HPs)
             Began as a Deep Elf Fighter on May 25, 2020.
             Was the Champion of Okawaru.
             Mangled by a torpor snail (25 damage)
             ... on level 2 of the Spider Nest.
             The game lasted 01:01:29 (26524 turns).

Amnesiac the Markself (Deep Elf Fighter)           Turns: 26524, Time: 01:01:30

Health: -10/96     AC: 31    Str: 30    XL:     15   Next: 52%
Magic:  27/27      EV: 14    Int: 22    God:    Okawaru [******]
Gold:   1686       SH:  0    Dex: 14    Spells: 19/27 levels left

rFire    + . .     SeeInvis .   a - +6 longbow of Resourcefulness {speed, MR+ Str+6}
rCold    + . .     Gourm    .   (shield currently unavailable)
rNeg     + + +     Faith    .   s - +3 plate armour "Byosm" {Harm *Drain rN++ Regen+}
rPois    +         Spirit   .   k - +2 helmet {Int+3}
rElec    +         Reflect  .   M - +3 cloak of the Lumpy Knaves {-Tele Str+6 Int+2}
rCorr    .         Harm     +   t - +0 pair of gloves "Kuegith" {rF+ rC+ rN+ Int+2}
MR       ++...     NoTele   +   C - +2 pair of boots
Stlth    ..........             Z - amulet of magic regeneration
HPRegen  0.66/turn              Q - ring "Sozocs" {rElec rN++ Stlth+}
MPRegen  0.45/turn              X - ring of poison resistance

@: very slightly contaminated, slowed, studying Spellcasting, invisible, very
slow
A: no striking features
a: Heroism, Finesse, Renounce Religion


You were on level 2 of the Spider Nest.
You worshipped Okawaru.
Okawaru was exalted by your worship.
You were not hungry.

You visited 5 branches of the dungeon, and saw 23 of its levels.
You also visited: Bailey and Gauntlet.

You collected 2547 gold pieces.
You spent 861 gold pieces at shops.

Inventory:

Hand Weapons
 a - the +6 longbow of Resourcefulness (weapon) {speed, MR+ Str+6}
   (Okawaru gifted it to you on level 11 of the Dungeon)

   Attacks with this weapon are significantly faster.
   It affects your strength (+6).
   It affects your resistance to hostile enchantments.
 b - a +3 whip of electrocution
Missiles
 m - 50 poisoned darts
 x - 221 arrows (quivered)
 D - 16 curare-tipped darts
 W - 31 bolts
Armour
 k - a +2 helmet of intelligence (worn)
 s - the +3 plate armour "Byosm" (worn) {Harm *Drain rN++ Regen+}
   (Okawaru gifted it to you on level 1 of the Orcish Mines)

   It greatly protects you from negative energy.
   It increases your rate of regeneration.
   It causes draining when unequipped.
   It increases damage dealt and taken.
 t - the +0 pair of gloves "Kuegith" (worn) {rF+ rC+ rN+ Int+2}
   (You bought it in a shop on level 2 of the Orcish Mines)

   It affects your intelligence (+2).
   It protects you from fire.
   It protects you from cold.
   It protects you from negative energy.
 C - a +2 pair of boots (worn)
 M - the +3 cloak of the Lumpy Knaves (worn) {-Tele Str+6 Int+2}
   (You found it on level 8 of the Dungeon)

   It affects your strength (+6).
   It affects your intelligence (+2).
   It prevents most forms of teleportation.
 R - a +0 cloak of preservation
Magical Staves
 L - an uncursed staff of wizardry {!a}
Jewellery
 P - an uncursed ring of resist corrosion
 Q - the ring "Sozocs" (left hand) {rElec rN++ Stlth+}
   (You took it off a minotaur in a Gauntlet)

   [ring of stealth]

   It insulates you from electricity.
   It greatly protects you from negative energy.
   It makes you more stealthy.
 X - a ring of poison resistance (right hand)
 Z - an amulet of magic regeneration (around neck)
Wands
 h - a wand of random effects (69)
 u - a wand of iceblast (13)
 w - a wand of digging (5)
 A - a wand of disintegration (33)
 N - a wand of clouds (2)
 O - a wand of flame (36)
 V - a wand of acid (24)
Scrolls
 j - 3 scrolls of identify {!r}
 q - 7 scrolls of teleportation {!r}
 y - a scroll of torment {!r, unknown}
 B - 4 scrolls of magic mapping {!r}
 H - 2 scrolls of blinking {!r}
 J - a scroll of vulnerability {!r}
 T - a scroll of fog {!r}
Potions
 c - 3 potions of resistance {!q}
 d - 2 potions of might {!q}
 e - 7 potions of stabbing {!q}
 g - 5 potions of ambrosia {!q}
 i - 5 potions of flight {!q}
 l - a potion of lignification {!q}
 n - 2 potions of brilliance {!q}
 o - 3 potions of cancellation {!q}
 p - 3 potions of mutation {!q}
 v - 2 potions of magic {!q}
 K - a potion of haste {!q}
 S - 7 potions of curing {!q}
Books
 r - a manual of Spellcasting
Miscellaneous
 E - a tin of tremorstones (3/3)
Comestibles
 f - 33 rations


   Skills:
 * Level 11.7 Fighting
   Level 2.0 Axes
 + Level 15.9 Bows
 * Level 11.8 Armour
 + Level 11.7 Dodging
   Level 2.5 Shields
 + Level 6.6 Spellcasting
 - Level 4.0 Hexes
 - Level 8.0 Invocations
 - Level 4.0 Evocations


You had 19 spell levels left.
You knew the following spells:

 Your Spells              Type           Power        Failure   Level  Hunger
v - Blink                 Tloc           N/A          63%         2    None
w - Tukima's Dance        Hex            ###.....     30%         3    #......
z - Confusing Touch       Hex            ###.....     30%         3    #......

Your spell library contained the following spells:

 Spells                   Type           Power        Failure   Level  Hunger
 Corona                   Hex            ###....      11%         1    None
 Slow                     Hex            ###.....     16%         2    None
 Ensorcelled Hibernation  Hex/Ice        ###...       34%         2    None
 Magic Dart               Conj           #...         47%         1    None
 Dazzling Flash           Conj/Hex       ###...       56%         3    #......
 Call Imp                 Summ           #.......     63%         2    None
 Searing Ray              Conj           #.....       63%         2    None
 Cause Fear               Hex            ###.......   71%         4    ###....
 Conjure Flame            Conj/Fire      #.......     85%         3    #......
 Mephitic Cloud           Conj/Pois/Air  #.......     85%         3    #......
 Fulminant Prism          Conj/Hex       ###.......   93%         4    ###....
 Iskenderun's Mystic Bla  Conj/Tloc      #.......     99%         4    ###....
 Silence                  Hex/Air        ###.......   100%        5    #####..
 Yara's Violent Unravell  Hex/Tmut       ###.......   100%        5    #####..
 Discord                  Hex            ###.......   100%        8    #######


Dungeon Overview and Level Annotations

Branches:
Dungeon (11/15)            Temple (1/1) D:4            Lair (6/6) D:11
  Swamp (0/4) Lair:2       Spider (3/4) Lair:3        Slime (0/5) Lair:5
    Orc (2/2) D:9             Elf (0/3) Orc:2        Bailey (visited)
Gauntlet (visited)

Altars:
Ashenzari
Cheibriados
Elyvilon
Fedhas
Gozag
Hepliaklqana
Kikubaaqudgha
Makhleb
Okawaru
Qazlal
Trog
Uskayaw
Vehumet
Wu Jian
Yredelemnul
Zin
Beogh
Jiyva

Shops:
Orc:1 !   Orc:2 %%[(

Annotations:
D:4 exclusion: oklob plant
D:5 exclusion: orc
Lair:4 3 runed translucent doors, Oseuty Gilid's ghost, journeyman TrMo
Lair:5 1 runed translucent door
Orc:1 exclusion: downstairs


Message History

You hear a splash.
The redback bites you but does no damage.
The redback bites you!!
* * * LOW HITPOINT WARNING * * *
The torpor snail bites you.
* * * LOW HITPOINT WARNING * * *
Unknown command.
Unknown command.
Unknown command.
Okay, then.
The redback bites you.
* * * LOW HITPOINT WARNING * * *
The torpor snail barely misses you. The redback misses you.
Unknown command.
The redback bites you!
* * * LOW HITPOINT WARNING * * *
The redback completely misses you. The torpor snail closely misses you.
The redback misses you.
There is a stone staircase leading down, spattered with blood here.
Really quaff
z - a potion of heal wounds {!q}?
You feel much better. The redback barely misses you.
The redback bites you but does no damage.
The torpor snail barely misses you. The redback barely misses you.
Really quaff
G - a potion of invisibility {!q}?
You fade into invisibility!
The redback bites you!
* * * LOW HITPOINT WARNING * * *
The redback barely misses you.
The torpor snail bites you but does no damage.
The redback barely misses you. The torpor snail misses you.
You are very lightly contaminated with residual magic.
Unknown command.
Firing (i - inventory. (/) - cycle)
x - 225 arrows (quivered)
Press: ? - help, Shift-Dir - straight line, f - redback
Aim: a redback (berserk)
You shoot an arrow. The arrow hits the redback!
The redback is moderately wounded.
The redback closely misses you. x2
The redback bites you but does no damage.
Firing (i - inventory. (/) - cycle)
x - 224 arrows (quivered)
Press: ? - help, Shift-Dir - straight line, f/p - redback
Aim: a redback (lightly wounded, berserk)
Okay, then.
The redback completely misses you. The redback closely misses you.
Firing (i - inventory. (/) - cycle)
x - 224 arrows (quivered)
Press: ? - help, Shift-Dir - straight line, f/p - redback
Aim: a redback (lightly wounded, berserk)
You shoot an arrow. The arrow hits the redback!!
You kill the redback!
Okawaru accepts your kill.
Firing (i - inventory. (/) - cycle)
x - 223 arrows (quivered)
Press: ? - help, Shift-Dir - straight line, f - torpor snail
Aim: a torpor snail (berserk)
You shoot an arrow. The arrow hits the torpor snail!
The torpor snail is moderately wounded.
The torpor snail misses you. The torpor snail closely misses you.
Firing (i - inventory. (/) - cycle)
x - 222 arrows (quivered)
Press: ? - help, Shift-Dir - straight line, f/p - torpor snail
Aim: a torpor snail (moderately wounded, berserk)
You shoot an arrow. The arrow hits the torpor snail!
The torpor snail is heavily wounded.
The torpor snail bites you!!
You die...

##### ##### #≈≈≈###≈≈≈#
##..≈≈###≈≈##
#....#≈#....#
#....#......#
####..........##
#............#≈#
#........[.(>(≈##
##.......@....^≈#
####.......w...>≈#
#≈..^..#####...≈≈# #
##≈......^^.#≈≈≈≈## #
#≈≈#..^.....≈≈≈≈≈#
######..#.....^.###≈###
##.#............≈####
................##
...............##


You could see a torpor snail (berserk).

Vanquished Creatures
  Saint Roka (Orc:2)
  Rupert (Lair:5)
  Kirke (Spider:1)
  An emperor scorpion (Spider:1)
  Azrael (Orc:2)
  A minotaur (Gauntlet)
  The ghost of HYPERHYPER the Party-goer, a journeyman DDFi of Uskayaw (Orc:1)
  Fannar (Lair:1)
  Erolcha (D:11)
  6 hydras
  The ghost of Ziuclaem the Covert, a journeyman OpAs of Fedhas (Lair:1)
  A queen ant (D:9)
  3 two-headed ogres
  5 death yaks (Lair:6)
  2 orc high priests (Orc:2)
  Urug (D:11)
  Sonja (D:11)
  5 orc knights
  11 orb spiders
  8 wolf spiders
  4 moths of wrath
  4 black mambas
  A rust devil (Gauntlet)
  5 elephants (Lair:5)
  A torpor snail (Lair:2)
  19 spiny frogs
  A gargoyle (D:10)
  3 rime drakes
  5 komodo dragons
  5 demonic crawlers
  A meliai (shapeshifter) (D:8)
  20 jumping spiders
  4 trolls
  A queen bee (Gauntlet)
  5 tyrant leeches
  17 blink frogs
  6 hippogriffs
  5 shadows (Gauntlet)
  A spriggan (D:7)
  32 redbacks
  A ynoxinul (Gauntlet)
  11 tarantellas
  31 yaks
  2 fire elementals (Orc:2)
  4 hogs (Spider:1)
  A wyvern (Lair:3)
  2 humans (Spider:1)
  5 basilisks
  2 hungry ghosts
  6 vampire mosquitoes (Lair:6)
  7 wargs
  2 soldier ants (D:9)
  16 water moccasins
  A hell hound (Orc:2)
  13 porcupines
  45 orc warriors
  3 sky beasts
  A black bear (D:11)
  A necrophage (D:9)
  2 phantoms (D:5)
  13 killer bees
  12 ogres
  4 wolves (Lair:2)
  7 centaurs
  11 crocodiles
  17 bullfrogs
  3 big kobolds
  Blork the orc (D:4)
  3 scorpions
  4 howler monkeys
  4 electric eels
  2 bullfrog zombies
  7 crimson imps
  3 hounds
  A quasit (D:6)
  11 orc priests
  13 orc wizards
  Crazy Yiuf (D:4)
  3 bullfrog skeletons
  3 jellies
  A gnoll shaman (D:7)
  4 iron imps (Gauntlet)
  An iguana (D:11)
  Natasha (thrice) (D:3)
  Ijyb (D:4)
  21 worker ants
  2 hound zombies
  3 hound skeletons
  Robin (D:4)
  A howler monkey zombie (D:9)
  2 worker ant zombies
  20 gnolls
  A howler monkey skeleton (D:8)
  15 adders
  2 shadow imps
  2 oozes
  3 adder skeletons (D:9)
  6 worms
  4 dart slugs
  5 leopard geckos
  58 orcs
  13 bats
  11 giant cockroaches
  14 hobgoblins
  19 jackals
  4 quokkas
  A ball python (D:2)
  A ball python skeleton (D:5)
  4 frilled lizards
  19 goblins
  41 kobolds
  2 leopard gecko skeletons
  7 rats
  3 fungi
767 creatures vanquished.

Vanquished Creatures (collateral kills)
  2 orcs (D:10)
  A goblin (D:10)
3 creatures vanquished.

Vanquished Creatures (others)
  A centaur (D:10)
  2 killer bees (D:10)
  A centaur zombie (D:10)
  A demonic plant (Gauntlet)
  7 fungi
  27 plants (Lair:6)
39 creatures vanquished.

Grand Total: 809 creatures vanquished

Notes
Turn   | Place    | Note
-------+----------+-------------------------------------------
     0 | D:1      | Amnesiac the Deep Elf Fighter began the quest for the Orb.
     0 | D:1      | Reached XP level 1. HP: 13/13 MP: 3/3
   119 | D:1      | Reached skill level 1 in Dodging
   120 | D:1      | Reached XP level 2. HP: 14/18 MP: 4/4
   778 | D:1      | Reached XP level 3. HP: 22/22 MP: 5/5
  1091 | D:2      | Found a snail-covered altar of Cheibriados.
  1483 | D:2      | Reached XP level 4. HP: 25/27 MP: 6/6
  2385 | D:3      | Reached XP level 5. HP: 23/32 MP: 7/7
  2609 | D:3      | Noticed Natasha
  2614 | D:3      | Killed Natasha
  2888 | D:3      | Noticed Natasha
  2904 | D:3      | Killed Natasha
  3148 | D:3      | Noticed Natasha
  3152 | D:3      | Killed Natasha
  3749 | D:3      | Reached XP level 6. HP: 38/38 MP: 8/8
  3865 | D:4      | Noticed Blork the orc
  3910 | D:4      | Found a staircase to the Ecumenical Temple.
  3912 | D:4      | Found a radiant altar of Vehumet.
  3920 | Temple   | Entered the Ecumenical Temple
  3928 | Temple   | Became a worshipper of Warmaster Okawaru
  4103 | D:4      | Noticed Ijyb
  4117 | D:4      | Killed Ijyb
  4184 | D:4      | Found a runed translucent door.
  4185 | D:4      | Noticed Crazy Yiuf
  4230 | D:4      | Reached skill level 1 in Evocations
  4249 | D:4      | Killed Blork the orc
  4456 | D:4      | Noticed Robin
  4477 | D:4      | Killed Robin
  4677 | D:4      | Found a blossoming altar of Fedhas.
  4688 | D:4      | Noticed an oklob plant
  4877 | D:5      | Entered Level 5 of the Dungeon
  4877 | D:5      | Found a basalt altar of Yredelemnul.
  4948 | D:5      | Reached * piety under Okawaru
  4948 | D:5      | Reached XP level 7. HP: 18/43 MP: 10/10
  6284 | D:4      | Killed Crazy Yiuf
  6909 | D:6      | Reached skill level 5 in Dodging
  7032 | D:6      | Found a stormy altar of Qazlal.
  7077 | D:6      | Reached skill level 5 in Fighting
  7090 | D:6      | Reached skill level 5 in Armour
  7090 | D:6      | Reached XP level 8. HP: 34/49 MP: 12/12
  7115 | D:6      | Reached ** piety under Okawaru
  7206 | D:6      | Found an ancient bone altar of Kikubaaqudgha.
  7237 | D:6      | Got a dazzling trident
  7243 | D:6      | Identified the cursed +1 trident of Articulation {drain,
                  | Fragile rC++ MP+9 Int+2} (You found it on level 6 of the
                  | Dungeon)
  7648 | D:6      | Found a shattered altar of Ashenzari.
  7789 | D:7      | Found an opulent altar of Gozag.
  8287 | D:7      | Reached *** piety under Okawaru
  8287 | D:7      | Reached skill level 1 in Bows
  8287 | D:7      | Reached skill level 1 in Invocations
  8636 | D:7      | Reached skill level 2 in Bows
  8750 | D:8      | Noticed a hippogriff
  8778 | D:7      | Killed a hippogriff
  8778 | D:7      | Reached skill level 3 in Bows
  8778 | D:7      | Reached XP level 9. HP: 40/55 MP: 14/14
  8965 | D:8      | Reached skill level 4 in Bows
  8984 | D:8      | Got a warped cloak
  8995 | D:8      | Identified the +3 cloak of the Lumpy Knaves {-Tele Str+6
                  | Int+2} (You found it on level 8 of the Dungeon)
  9174 | D:8      | Noticed a two-headed ogre
  9262 | D:7      | Killed a two-headed ogre
  9262 | D:7      | Received a gift from Okawaru
  9262 | D:7      | Reached **** piety under Okawaru
  9262 | D:7      | Reached skill level 6 in Bows
  9963 | D:9      | Found a staircase to the Orcish Mines.
  9988 | D:9      | Noticed a komodo dragon
  9999 | D:9      | Noticed a fire crab
  9999 | D:9      | a komodo dragon changed into a fire crab
 10011 | D:9      | Noticed a polar bear
 10011 | D:9      | a fire crab changed into a polar bear
 10019 | D:8      | Noticed a meliai
 10019 | D:8      | a polar bear changed into a meliai
 10023 | D:8      | HP: 1/55 [meliai (shapeshifter) (3)]
 10024 | D:8      | Killed a meliai
 10024 | D:8      | Reached skill level 7 in Bows
 10024 | D:8      | Reached skill level 5 in Invocations
 10363 | D:9      | Noticed a seven-headed hydra
 10400 | D:8      | Killed a seven-headed hydra
 10400 | D:8      | Reached skill level 8 in Bows
 10400 | D:8      | Reached XP level 10. HP: 13/60 MP: 16/16
 10703 | D:9      | Got a smoking chain mail
 10714 | D:9      | Identified the +6 chain mail of Supn {rF+ rN+ MP+9 Int+3}
                  | (You found it on level 9 of the Dungeon)
 11091 | D:9      | Noticed a queen ant
 11131 | D:9      | Killed a queen ant
 11131 | D:9      | Reached ***** piety under Okawaru
 11555 | D:9      | Noticed a two-headed ogre
 11573 | D:9      | Killed a two-headed ogre
 11616 | D:9      | Paralysed by fainting for 6 turns
 12163 | D:10     | Entered Level 10 of the Dungeon
 12384 | D:10     | Noticed a gargoyle
 12400 | D:10     | Killed a gargoyle
 12526 | D:10     | Reached XP level 11. HP: 33/67 MP: 18/18
 12551 | D:10     | Found a flagged portal.
 12567 | Bailey   | Entered a bailey
 12817 | Bailey   | Noticed an orc knight
 12851 | Bailey   | Killed an orc knight
 12851 | Bailey   | Received a gift from Okawaru
 13417 | D:10     | Learned a level 3 spell: Confusing Touch
 13421 | D:10     | Learned a level 3 spell: Tukima's Dance
 14017 | D:11     | Reached ****** piety under Okawaru
 14105 | D:11     | Noticed Sonja
 14107 | D:11     | Killed Sonja
 14281 | D:11     | Noticed Erolcha
 14286 | D:11     | Killed Erolcha
 14286 | D:11     | Received a gift from Okawaru
 14300 | D:11     | Found a staircase to the Lair.
 14347 | D:11     | Noticed Urug
 14351 | D:11     | Killed Urug
 14351 | D:11     | Received a gift from Okawaru
 14354 | D:11     | Got a bloodstained longbow {god gift}
 14363 | D:11     | Identified the +6 longbow of Resourcefulness {speed, MR+
                  | Str+6} (Okawaru gifted it to you on level 11 of the
                  | Dungeon)
 14852 | Orc:1    | Entered Level 1 of the Orcish Mines
 14901 | Orc:1    | Found a runed translucent door.
 14907 | Orc:1    | Noticed HYPERHYPER's ghost (journeyman DDFi)
 14936 | Orc:1    | Reached skill level 9 in Bows
 15167 | Orc:1    | Killed HYPERHYPER's ghost
 15200 | Orc:2    | Entered Level 2 of the Orcish Mines
 15205 | Orc:2    | Noticed an orc knight
 15235 | Orc:1    | Killed an orc knight
 15235 | Orc:1    | Received a gift from Okawaru
 15235 | Orc:1    | Reached skill level 10 in Bows
 15238 | Orc:1    | Got a distressingly furry plate armour {god gift}
 15249 | Orc:1    | Identified the +3 plate armour "Byosm" {Harm *Drain rN++
                  | Regen+} (Okawaru gifted it to you on level 1 of the Orcish
                  | Mines)
 15507 | Orc:1    | Noticed a two-headed ogre
 15512 | Orc:1    | Killed a two-headed ogre
 15512 | Orc:1    | Reached XP level 12. HP: 74/74 MP: 20/20
 15567 | Orc:1    | Found Waedwuj's Distillery.
 15572 | Orc:1    | Bought a potion of degeneration for 18 gold pieces
 15572 | Orc:1    | Bought 2 potions of heal wounds for 180 gold pieces
 15572 | Orc:1    | Bought a potion of heal wounds for 90 gold pieces
 15903 | Orc:2    | Reached skill level 11 in Bows
 15934 | Orc:2    | Found a staircase to the Elven Halls.
 16268 | Orc:2    | Reached skill level 12 in Bows
 16316 | Orc:2    | Found a roughly hewn altar of Beogh.
 16362 | Orc:2    | Found a roughly hewn altar of Beogh.
 16399 | Orc:2    | Found a roughly hewn altar of Beogh.
 16423 | Orc:2    | Noticed Azrael
 16433 | Orc:2    | Killed Azrael
 16563 | Orc:2    | Reached skill level 13 in Bows
 16569 | Orc:2    | Found a roughly hewn altar of Beogh.
 16570 | Orc:2    | Found Kunkouj's Food Shop.
 16608 | Orc:2    | Found a roughly hewn altar of Beogh.
 16669 | Orc:2    | Noticed an orc high priest
 16673 | Orc:2    | Killed an orc high priest
 16673 | Orc:2    | Received a gift from Okawaru
 16679 | Orc:2    | Received a gift from Okawaru
 16716 | Orc:2    | Noticed Saint Roka
 16752 | Orc:2    | Killed Saint Roka
 16752 | Orc:2    | Received a gift from Okawaru
 16752 | Orc:2    | Reached skill level 14 in Bows
 16761 | Orc:2    | Reached XP level 13. HP: 40/78 MP: 21/21
 16845 | Orc:2    | Received a gift from Okawaru
 16862 | Orc:2    | Reached skill level 15 in Bows
 16875 | Orc:2    | Found a roughly hewn altar of Beogh.
 16875 | Orc:2    | Found Buaq Zyw's Antique Weapon Shop.
 16876 | Orc:2    | Found Juguuf's Antique Armour Boutique.
 16883 | Orc:2    | Bought a pair of twisted gloves for 294 gold pieces
 16883 | Orc:2    | Bought an ancient scale mail for 279 gold pieces
 16894 | Orc:2    | Identified the cursed +0 pair of gloves "Kuegith" {rF+ rC+
                  | rN+ Int+2} (You bought it in a shop on level 2 of the
                  | Orcish Mines)
 17177 | Orc:2    | Found a roughly hewn altar of Beogh.
 17195 | Orc:2    | Found Pueries's Food Shoppe.
 17291 | Orc:1    | Identified the +5 scale mail "Ruimurgheck" {*Slow Int-3
                  | Dex+8 Stlth+} (You bought it in a shop on level 2 of the
                  | Orcish Mines)
 17401 | Lair:1   | Entered Level 1 of the Lair of Beasts
 17420 | Lair:1   | Noticed Ziuclaem's ghost (journeyman OpAs)
 17422 | Lair:1   | Found a runed translucent door.
 17469 | Lair:1   | Received a gift from Okawaru
 17470 | Lair:1   | Found the +4 skin of Zhor {Englaciate rC+++ SInv}
 17486 | Lair:1   | Killed Ziuclaem's ghost
 17486 | Lair:1   | Reached skill level 1 in Hexes
 17615 | Lair:1   | Noticed Fannar
 17626 | Lair:1   | Killed Fannar
 19323 | Lair:2   | Found a staircase to the Swamp.
 19808 | Lair:3   | Reached skill level 1 in Spellcasting
 19901 | Lair:3   | Found a hole to the Spider Nest.
 19980 | Lair:3   | Received a gift from Okawaru
 20521 | Lair:4   | Found a runed translucent gate.
 20522 | Lair:4   | Found a runed translucent gate.
 20522 | Lair:4   | Noticed Oseuty Gilid's ghost (journeyman TrMo)
 20523 | Lair:4   | Found a runed translucent gate.
 21506 | Lair:5   | Reached XP level 14. HP: 87/87 MP: 22/22
 21521 | Lair:5   | Noticed Rupert
 21532 | Lair:5   | Killed Rupert
 21532 | Lair:5   | Received a gift from Okawaru
 21532 | Lair:5   | Reached skill level 10 in Armour
 21532 | Lair:5   | Reached skill level 10 in Dodging
 21534 | Lair:5   | Reached skill level 10 in Fighting
 21542 | Lair:5   | Found a gate leading to a gauntlet.
 21559 | Gauntlet | Entered a Gauntlet
 21559 | Gauntlet | Found a transporter.
 21559 | Gauntlet | Found a transporter.
 21560 | Gauntlet | Found a transporter.
 21561 | Gauntlet | Found a transporter.
 21561 | Gauntlet | Found a transporter.
 21564 | Gauntlet | Found a transporter.
 21570 | Gauntlet | Found a runed translucent gate.
 21572 | Gauntlet | Found a runed translucent gate.
 21572 | Gauntlet | Found a transporter.
 21573 | Gauntlet | Found a transporter.
 21573 | Gauntlet | Found a runed translucent gate.
 21574 | Gauntlet | Found a transporter.
 21575 | Gauntlet | Found a transporter.
 21582 | Gauntlet | Noticed a reaper
 21583 | Gauntlet | Found a transporter.
 21583 | Gauntlet | Found a transporter.
 21858 | Gauntlet | Identified the ring "Sozocs" {rElec rN++ Stlth+}
 21890 | Gauntlet | Identified a scroll of acquirement {!r}
 21890 | Gauntlet | Identified a manual of Spellcasting (You acquired it in a
                  | Gauntlet)
 21917 | Gauntlet | Got a ripped robe
 21993 | Lair:5   | Identified the +0 robe "Lucwoam" {rF+ rCorr Int+7} (You
                  | found it in a Gauntlet)
 22296 | Lair:5   | Found a runed translucent door.
 22296 | Lair:5   | Found a viscous altar of Jiyva.
 22297 | Lair:5   | Found a staircase to the Slime Pits.
 22297 | Lair:5   | Noticed an azure jelly
 22297 | Lair:5   | Noticed an azure jelly
 22929 | Lair:6   | Entered Level 6 of the Lair of Beasts
 23309 | Lair:6   | Received a gift from Okawaru
 24292 | Spider:1 | Entered Level 1 of the Spider Nest
 24553 | Spider:1 | Received a gift from Okawaru
 24602 | Spider:1 | Noticed an emperor scorpion
 24626 | Spider:1 | Killed an emperor scorpion
 24639 | Spider:1 | HP: 4/90 [poisoned by an emperor scorpion]
 24644 | Spider:1 | HP: 3/90 [poisoned by an emperor scorpion]
 24650 | Spider:1 | HP: 2/90 [poisoned by an emperor scorpion]
 24657 | Spider:1 | HP: 4/90 [poisoned by an emperor scorpion]
 24955 | Spider:1 | Reached XP level 15. HP: 94/94 MP: 23/23
 25247 | Spider:1 | Got a crude scale mail
 25291 | Spider:1 | Received a gift from Okawaru
 25307 | Spider:1 | Identified the +5 scale mail of Pan-Flutes {rN+ Str+3
                  | Dex+3} (You found it on level 1 of the Spider Nest)
 25476 | Spider:1 | Noticed Kirke
 25480 | Spider:1 | Killed Kirke
 25480 | Spider:1 | Reached skill level 5 in Spellcasting
 25578 | Spider:1 | Learned a level 2 spell: Blink
 26515 | Spider:2 | HP: 1/96 [redback[a torpor snail] (13)]
 26524 | Spider:2 | Mangled by a torpor snail

Illustrated notes

Levels and vault maps discovered:
D:1:      dpeg_arrival_morbid_curiosity, layout_loops_corners
D:2:      layout_basic, lemuel_round_altar, first_ration, serial_forest,
          infiniplex_forest_clump_double, infiniplex_forest_straight_1,
          infiniplex_forest_split, infiniplex_forest_lined_corner,
          infiniplex_forest_clump_tiny, infiniplex_forest_clump_long,
          infiniplex_forest_clump_tiny
D:3:      layout_loops_corners, serial_bayou_pond_d, lemuel_flame_loot_1,
          uniq_natasha
D:4:      layout_rooms, overflow_temple_1_default, tgw_fedhas,
          minmay_temple_entry_statues_fountains, kennysheep_boxes, uniq_ijyb,
          uniq_robin, uniq_crazy_yiuf_cottage, uniq_blork_the_orc
D:5:      layout_loops_ring, old_standard_altar, lightli_corner_chamber
D:6:      layout_loops_cross, kennysheep_mini_moat,
          lemuel_coloured_pillars_altar, nicolae_overflow_crystal_walls
D:7:      layout_loops_ring, grunt_gozag_statues, the_bakery, roderic_batcave
D:8:      layout_cave_pods
D:9:      hangedman_cross_cluster, layout_irregular_city, orc_0_dummy,
          minmay_another_anthill
D:10:     layout_gridville, enter_bailey_3
D:11:     layout_gridville, lair_entry_dummy, uniq_erolcha, uniq_urug,
          uniq_sonja
Temple:   eino_temple_lava
Lair:1:   layout_loops_ring, hellmonk_ghost_happy_afterlife,
          beast_lair_carwin_1, grunt_megastairs_1, uniq_fannar
Lair:2:   layout_small_grid, palyth_hydra_swamp_entry
Lair:3:   layout_gridlike, nicolae_spider_entry_non_spiders, st_stairs_10,
          grunt_megastairs_3
Lair:4:   layout_regular_city, gammafunk_ghost_split
Lair:5:   layout_gridlike, slime_altar_2, gauntlet_entry_generic,
          serial_bayou_shore_a, uniq_rupert
Lair:6:   minmay_lair_end_frog_pond, layout_gridlike
Spider:1: layout_spider_delve, uniq_kirke
Spider:2: layout_spider_delve
Spider:3: layout_spider_delve, drop_trap
Orc:1:    layout_diamond_mine, serial_shops, nicolae_shop_behind_doors,
          ebering_ghost_reflecting_pool
Orc:2:    grunt_orc_community_town_hall, layout_diamond_mine,
          grunt_orc_community_big_house_2, grunt_orc_community_big_house_1,
          grunt_orc_community_house_1, grunt_orc_community_house_3,
          grunt_orc_community_house_3, grunt_orc_community_house_1,
          grunt_orc_community_house_2, grunt_orc_community_house_1, uniq_azrael

Skill      XL: |  1  2  3  4  5  6  7  8  9 10 11 12 13 14 15 |
---------------+----------------------------------------------+-----
Axes           | 2 |  2.0
Dodging        | 1 2 3 4 5 6 7 8 9 11 | 11.7
Fighting       | 3 4 5 6 7 8 9 11 | 11.7
Armour         | 3 4 5 6 7 8 9 11 | 11.8
Evocations     | 1 2 4 |  4.0
Bows           | 3 8 10 14 15 | 15.9
Invocations    | 2 6 7 8 |  8.0
Hexes          | 4 |  4.0
Spellcasting   | 3 4 6 |  6.6
Shields        | |  2.5

Action                   |  1- 3 |  4- 6 |  7- 9 | 10-12 | 13-15 || total
-------------------------+-------+-------+-------+-------+-------++-------
Melee: War axe           |    99 |   255 |    97 |       |       ||   451
       Trident           |       |       |   450 |   803 |       ||  1253
 Fire: Hunting sling     |    23 |    15 |       |       |       ||    38
       Hand crossbow     |       |       |    39 |       |       ||    39
       Longbow           |       |       |       |   351 |  1075 ||  1426
Throw: Dart              |       |       |    18 |     3 |       ||    21
Invok: Heroism           |       |       |       |     4 |     2 ||     6
       Finesse           |       |       |       |     3 |     1 ||     4
Evoke: Wand              |       |     4 |    19 |    32 |       ||    55
  Use: Scroll            |       |    11 |     4 |     9 |    17 ||    41
       Potion            |       |       |     2 |     1 |     5 ||     8
  Eat: Chunk             |     2 |     7 |    15 |    24 |    29 ||    77
       Ration            |       |     1 |     1 |     2 |       ||     4
Armor: Scale mail        |    52 |    40 |       |       |       ||    92
       Plate armour      |       |   157 |   476 |    32 |   136 ||   801
       Chain mail        |       |       |       |   446 |       ||   446
       Animal skin       |       |       |       |       |    18 ||    18
Dodge: Dodged            |    42 |    59 |   132 |   426 |   218 ||   877
Block: Kite shield       |    70 |   133 |   312 |   575 |       ||  1090

Table legend:
 A = Non-vault XP
 B = Vault XP
 C = Vault XP percentage of total XP
 D = Non-vault monster count
 E = Vault monster count
 F = Vault count percentage of total count
                 A         B        C        D         E       F
            +---------+---------+-------+---------+---------+-------
      Total |   78784 |   50705 |  39.2 |     488 |     278 |  36.3
            +---------+---------+-------+---------+---------+-------
        D:1 |      44 |       9 |  17.0 |      23 |       5 |  17.9
        D:2 |     123 |       0 |   0.0 |      31 |       0 |   0.0
        D:3 |     180 |      35 |  16.3 |      18 |       1 |   5.3
        D:4 |     124 |     198 |  61.5 |      15 |      14 |  48.3
        D:5 |     485 |       0 |   0.0 |      11 |       0 |   0.0
        D:6 |     784 |       0 |   0.0 |      15 |       0 |   0.0
        D:7 |    1711 |     238 |  12.2 |      26 |      10 |  27.8
        D:8 |     708 |    1258 |  64.0 |      15 |       3 |  16.7
        D:9 |     931 |    3069 |  76.7 |      19 |      31 |  62.0
       D:10 |    2539 |       7 |   0.3 |      34 |       4 |  10.5
       D:11 |    2169 |    2566 |  54.2 |      28 |       3 |   9.7
     Lair:1 |    1950 |    3484 |  64.1 |       8 |      13 |  61.9
     Lair:2 |    4916 |    2483 |  33.6 |      26 |       4 |  13.3
     Lair:3 |    3900 |    2339 |  37.5 |      14 |      18 |  56.2
     Lair:4 |    3963 |       0 |   0.0 |      17 |       0 |   0.0
     Lair:5 |    5587 |    2918 |  34.3 |      22 |       1 |   4.3
     Lair:6 |    9574 |   10182 |  51.5 |      18 |      41 |  69.5
   Spider:1 |   19543 |    2865 |  12.8 |      55 |       5 |   8.3
   Spider:2 |   11689 |       0 |   0.0 |      38 |       0 |   0.0
   Spider:3 |     379 |       0 |   0.0 |       1 |       0 |   0.0
      Orc:1 |    2822 |    1052 |  27.2 |      20 |       1 |   4.8
      Orc:2 |    4663 |   13171 |  73.9 |      34 |      74 |  68.5
     Bailey |       0 |    1082 | 100.0 |       0 |      32 | 100.0
   Gauntlet |       0 |    3749 | 100.0 |       0 |      18 | 100.0
            +---------+---------+-------+---------+---------+-------
